AoeStats
← [KMNB] Bandeira

Oasis

508793934Analyzed
2v2 RM · 8d ago on Sep 24, 2026· 31m 59s· 4 players
Game mode
Random Map
Map size
Medium (4 player)
Population
200
Speed
Normal
Resources
Standard
Victory
Conquest
Starting age
Dark Age
Ending age
Imperial Age
RankedLock teamsTeams togetherTeam positionsShared explorationLock speedFull tech treeHidden civsTurbo modeCheats
Victory
Defeat
🇧🇷 Magyars · Brazil
1619
+14
🇧🇷 Saracens · Brazil
1551
+16
🇦🇺 Saxons · Australia
1562
-15
🇦🇺 Britons · Australia
1562
-15
Kwisatz Haderach
6:07 Loom
9:26 Feudal Age
10:22 Double-Bit Axe
12:09 Horse Collar
16:01 Fletching
17:41 Padded Archer Armor
22:47 Castle Age
26:17 Scale Mail Armor
27:05 Forging
26:36 Pikeman
Timoisgr8
7:32 Loom
10:15 Feudal Age
15:30 Castle Age
17:56 Elite Skirmisher
24:55 Double-Bit Axe
26:04 Fletching
26:40 Padded Archer Armor
[KMNB] Galodoido
8:27 Feudal Age
7:12 Loom
12:12 Fletching
15:42 Double-Bit Axe
16:42 Padded Archer Armor
23:39 Castle Age
22:22 Gold Mining
22:35 Horse Collar
23:42 Crossbowman
24:17 Bodkin Arrow
24:58 Leather Archer Armor
28:54 Ballistics
[KMNB] Bandeira
6:04 Loom
8:54 Feudal Age
9:43 Double-Bit Axe
13:06 Fletching
21:52 Castle Age
22:16 Scale Barding Armor
22:03 Gold Mining
22:01 Horse Collar
22:38 Bloodlines
26:02 Bow Saw
26:54 Chain Barding Armor
27:01 Husbandry
Connection lost

Rejoining the realm…

Still unreachable

The connection could not be restored.

Session expired

The server has moved on; the page needs a fresh start.